 Dungeon Crawl Stone Soup version 0.16-a0-3389-g45633df (webtiles) character file.

1958 MackTheKnife the Placeless Spriggan (level 9, -5/41 HPs)
             Began as a Spriggan Warper on Dec 30, 2014.
             Was an Initiate of Gozag.
             Slain by Grinder (6 damage)
             ... while paralysed by Grinder
             ... on level 6 of the Dungeon.
             The game lasted 00:15:34 (7141 turns).

MackTheKnife the Placeless Spriggan (SpWr)          Turns: 7141, Time: 00:15:34

Health: -5/41      AC:  3    Str:  7    XL:     9   Next: 0%
Magic:  25/25      EV:  4    Int: 17    God:    Gozag
Gold:   559        SH:  0    Dex: 16    Spells: 5 memorised, 5 levels left

rFire  + . .     SeeInvis +     a - +11 short sword "Newt's Funeral" {distort, rC+}
rCold  + . .     Clarity  .     r - +0 robe
rNeg   . . .     SustAb   .     (shield restricted)
rPois  .         Gourm    .     (helmet restricted)
rElec  .         Spirit   .     (no cloak)
rCorr  .         Warding  .     (gloves unavailable)
rMut   .         Stasis   .     (boots unavailable)
MR     +....                    (no amulet)
Stlth  ++++......               (no ring)
                                h - ring of protection from fire

@: paralysed, very slightly contaminated, drained, invisible, very quick,
somewhat resistant to hostile enchantments, stealthy
A: unfitting armour, molten scales 1, see invisible, herbivore 3, speed 3, slow
metabolism 2
a: Potion Petition, Call Merchant, Bribe Branch, Renounce Religion


You were on level 6 of the Dungeon.
You worshipped Gozag.
Gozag was noncommittal.
You were not hungry.

You visited 2 branches of the dungeon, and saw 7 of its levels.

You collected 653 gold pieces.
You paid 94 gold pieces to Gozag.


Innate Abilities, Weirdness & Mutations

You are tiny and cannot use many weapons and most armour.
You have supernaturally acute eyesight.
You are a herbivore.
You cover ground extremely quickly.
You need consume almost no food.
You are partially covered in molten scales (AC +1).


   Skills:
 - Level 1.5(1.2) Fighting
 - Level 7.0(6.6) Short Blades
 - Level 1.1(0.7) Throwing
 - Level 0.6(0.2) Armour
 - Level 8.0(7.5) Dodging
 + Level 7.3(6.9) Stealth
 - Level 4.9(4.5) Spellcasting
 - Level 9.8(9.3) Translocations


You had 5 spell levels left.
You knew the following spells:

 Your Spells              Type           Power        Failure   Level  Hunger
a - Shroud of Golubria    Chrm/Tloc      ###.......   3%          2    ##.....
b - Blink                 Tloc           N/A          1%          2    ##.....
e - Apportation           Tloc           #####.....   1%          1    None
u - Passage of Golubria   Tloc           N/A          3%          4    ####...
y - Teleport Other        Tloc           #####...     1%          3    ###....

Inventory:

Hand weapons
 a - the +11 short sword "Newt's Funeral" (weapon) {distort, rC+}
   (You found it on level 5 of the Dungeon)

   It warps and distorts space around it.
   Unwielding it can cause banishment or high damage.
   It protects you from cold.
Missiles
 e - 2 tomahawks of dispersal (quivered)
 i - a stone
 k - 2 tomahawks
Armour
 r - a +0 robe (worn)
Jewellery
 h - a ring of protection from fire (left hand)
 t - an uncursed amulet of stasis
Magical devices
 g - a wand of flame (8)
Scrolls
 d - 2 scrolls of blinking
 j - 5 scrolls of remove curse
 l - 3 scrolls of identify
Potions
 f - a potion of curing
 m - a potion of brilliance
 n - 2 potions of might
Books
 c - a book of Spatial Translocations

   Spells                             Type                      Level
   a - Apportation                    Translocation                1
   b - Blink                          Translocation                2
   c - Shroud of Golubria             Charms/Translocation         2
   d - Portal Projectile              Translocation                3
   e - Teleport Other                 Translocation                3
   f - Passage of Golubria            Translocation                4
 p - the Grimoire of the Escort and Weightlessness
   (You found it on level 5 of the Dungeon)

   Spells                             Type                      Level
   a - Summon Butterflies             Summoning                    1
   b - Call Imp                       Summoning                    2
   c - Summon Lightning Spire         Summoning/Air                4
   d - Freezing Cloud                 Conjuration/Ice/Air          6
   e - Summon Hydra                   Summoning                    7
Comestibles
 s - a slice of pizza
 u - a bread ration

....# #.####.###.....# #.# ....#
#.# #.........##########..
....###.####..##.%...............
.................................
##....#.#.....#.#.#.###.....###..
##............#.#.#.# #.###.# #.#
##.........#..#.#.#.###.###.# #.#
##.....###.#..#.#.#......##.###.#
##[#...........5i................
...#...##.....#.#.#......######..
.......##.......#.#..............
#########.....).#<#<......#.#.#..
# #.£...£.?).####.####.#.#.#..
#..........# #.# #.#......
#....5.....# #.# ##.###.#..
#......##### #.# #.........
#.a.... #.###.[.......


You could see Grinder.


Message History

Drink which item? (? for menu, Esc to quit)
It was a potion of invisibility.
You fade into invisibility!
You are very lightly contaminated with residual magic.
Grinder shouts!
Grinder gestures at you. You resist with some effort.
You hit the wight but do no damage.
The wight looks slightly unstable.
The wight completely misses you. Grinder gestures at you.
You suddenly lose the ability to move!
The wight hits you with an enchanted dire flail!
You feel drained.
The wight disappears!
Grinder hits you.
* * * LOW HITPOINT WARNING * * *
You writhe in agony.
* * * LOW HITPOINT WARNING * * *
Grinder hits you.
* * * LOW HITPOINT WARNING * * *
You writhe in agony.
* * * LOW HITPOINT WARNING * * *
Grinder hits you.
* * * LOW HITPOINT WARNING * * *
You writhe in agony.
* * * LOW HITPOINT WARNING * * *
Grinder hits you.
* * * LOW HITPOINT WARNING * * *
You writhe in agony.
You die...
Your body crumbles into a pile of gold.

Action                   |  1- 3 |  4- 6 |  7- 9 || total
-------------------------+-------+-------+-------++-------
Melee: Short sword       |   112 |   168 |   278 ||   558
 Fire: Blowgun           |       |     7 |    10 ||    17
Throw: Tomahawk          |       |     3 |       ||     3
 Cast: Shroud of Golubri |     6 |    11 |     7 ||    24
       Teleport Other    |     4 |       |     1 ||     5
       Blink             |       |     1 |       ||     1
       Passage of Golubr |       |     1 |       ||     1
Evoke: Wand              |       |       |     7 ||     7
  Use: Scroll            |       |     3 |     4 ||     7
       Potion            |       |     7 |     5 ||    12
 Stab: Sleeping          |     1 |       |     4 ||     5
  Eat: Bread ration      |       |     1 |       ||     1

Vault maps used:
D:1:      evilmike_arrival_rings, corner_web_ring
D:2:      nicolae_ru_sacrificial_ziggurat, grunt_ministairs_3,
          hangedman_abyss_or_decor_stabs, small_statue_intersection,
          serial_bayou_pond_d, hangedman_decor_peaks_small
D:3:      serial_bayou_pond_e, uniq_iyjb
D:4:      minmay_temple_entry_enclosed_plants, st_stairs_14,
          uniq_prince_ribbit1, uniq_duvessa
D:5:      basic_altar, first_bread, grunt_ministairs_5,
          nemelex_lonely_heart_becter
D:6:      okawaru_trees_2, lemuel_coloured_pillars_altar, uniq_grinder
Temple:   water_room_temple_a_12

Notes
Turn   | Place    | Note
--------------------------------------------------------------
     0 | D:1      | MackTheKnife, the Spriggan Warper, began the quest for the Orb.
     0 | D:1      | Reached XP level 1. HP: 10/10 MP: 4/4
   107 | D:1      | Reached skill level 3 in Spellcasting
   354 | D:1      | Reached XP level 2. HP: 14/14 MP: 8/8
   358 | D:1      | Learned a level 2 spell: Shroud of Golubria
   752 | D:1      | Reached skill level 5 in Translocations
   980 | D:1      | Reached XP level 3. HP: 16/18 MP: 11/11
  1231 | D:1      | Learned a level 3 spell: Teleport Other
  1334 | D:1      | Learned a level 2 spell: Blink
  1439 | D:2      | Found a sacrificial altar of Ru.
  2021 | D:2      | Reached skill level 3 in Short Blades
  2251 | D:2      | Reached XP level 4. HP: 22/22 MP: 14/14
  2449 | D:2      | Reached skill level 4 in Spellcasting
  2985 | D:3      | Reached XP level 5. HP: 25/25 MP: 16/18
  3008 | D:3      | Reached skill level 6 in Translocations
  3014 | D:3      | Learned a level 4 spell: Passage of Golubria
  3106 | D:3      | Noticed Ijyb
  3137 | D:3      | Killed Ijyb
  3693 | D:4      | Reached skill level 4 in Short Blades
  3796 | D:4      | Noticed Prince Ribbit
  3875 | D:4      | Noticed Dowan
  3880 | D:4      | Noticed Duvessa
  3891 | D:4      | Killed Dowan
  3915 | D:4      | Killed Duvessa
  3915 | D:4      | Reached XP level 6. HP: 12/30 MP: 17/20
  3934 | D:4      | Killed Prince Ribbit
  3934 | D:4      | Reached skill level 5 in Short Blades
  3934 | D:4      | Reached skill level 4 in Dodging
  3934 | D:4      | Reached skill level 7 in Translocations
  3934 | D:4      | Reached XP level 7. HP: 5/33 MP: 16/22
  4367 | D:4      | Reached skill level 5 in Dodging
  4797 | D:4      | Found a staircase to the Ecumenical Temple.
  4822 | Temple   | Entered the Ecumenical Temple
  4844 | Temple   | Became a worshipper of Gozag Ym Sagoz the Greedy
  4896 | D:5      | Entered Level 5 of the Dungeon
  4900 | D:5      | Reached skill level 8 in Translocations
  4949 | D:5      | Identified the Grimoire of the Escort and Weightlessness
  5016 | D:5      | Found a burning altar of Makhleb.
  5068 | D:5      | Found a sparkling altar of Nemelex Xobeh.
  5109 | D:5      | Reached skill level 6 in Dodging
  5512 | D:5      | Reached skill level 6 in Short Blades
  5512 | D:5      | Reached XP level 8. HP: 19/37 MP: 20/23
  5542 | D:5      | Reached skill level 7 in Dodging
  5542 | D:5      | Reached skill level 9 in Translocations
  6256 | D:5      | Got a smoking short sword
  6269 | D:5      | Reached skill level 7 in Short Blades
  6269 | D:5      | Reached skill level 8 in Dodging
  6377 | D:5      | Identified the +11 short sword "Newt's Funeral" {distort, rC+} (You found it on level 5 of the Dungeon)
  6500 | D:6      | Reached skill level 1 in Stealth
  6503 | D:6      | Reached skill level 2 in Stealth
  6529 | D:6      | Reached skill level 3 in Stealth
  6583 | D:6      | Found a basalt altar of Yredelemnul.
  6639 | D:6      | Reached skill level 4 in Stealth
  6678 | D:6      | Found an iron altar of Okawaru.
  6712 | D:6      | Reached skill level 6 in Stealth
  7114 | D:6      | Reached skill level 7 in Stealth
  7116 | D:6      | Reached XP level 9. HP: 38/41 MP: 25/25
  7119 | D:6      | Noticed Grinder
  7130 | D:6      | Gained mutation: You are partially covered in molten scales (AC +1). [potion of beneficial mutation]
  7136 | D:6      | Paralysed by Grinder for 7 turns
  7140 | D:6      | HP: 3/41 [Grinder (5)]
  7141 | D:6      | HP: 1/41 [Grinder (1)]
  7141 | D:6      | Slain by Grinder

Vanquished Creatures
  Prince Ribbit (D:4)
  3 sky beasts
  4 ogres
  A centaur (D:5)
  Duvessa (D:4)
  2 giant frogs
  2 wights (D:6)
  2 hounds (D:5)
  Dowan (D:4)
  An iguana (D:6)
  2 orc priests
  A worker ant (D:5)
  5 orc wizards
  Ijyb (D:3)
  A worker ant zombie (D:5)
  15 adders
  3 shadow imps
  2 giant mites (D:3)
  4 gnolls (D:2)
  A worm (D:4)
  2 giant geckos
  An ooze (D:1)
  13 orcs
  3 giant cockroaches
  12 hobgoblins
  17 jackals
  12 kobolds
  6 quokkas
  A ball python (D:2)
  14 bats
  3 giant newts
  15 goblins
  16 rats
168 creatures vanquished.

Vanquished Creatures (others)
  A giant frog (D:6)
  A crimson imp (D:6)
2 creatures vanquished.

Grand Total: 170 creatures vanquished
